 Dungeon Crawl Stone Soup version 0.31-a0-240-gb923e448b6 (webtiles) character file.

Game seed: 18339198874190212424

69 qw the Shooter (level 4, -6/26 HPs)
             Began as a Gargoyle Hexslinger on July 11, 2023.
             Mangled by a gnoll
             ... wielding a +0 halberd
              (12 damage)
             ... on level 2 of the Dungeon.
             The game lasted 00:00:28 (1248 turns).

qw the Shooter (Gargoyle Hexslinger)                Turns: 1248, Time: 00:00:28

Health: -6/26      AC:  5    Str: 11    XL:     4   Next: 20%
Magic:  5/5        EV: 12    Int: 14    God:
Gold:   50         SH:  0    Dex: 14    Spells: 4/5 levels left

rFire   + . .        Y - +1 sling
rCold   . . .        (no shield)
rNeg    + . .        c - +0 robe
rPois   inf          (no helmet)
rElec   +            (no cloak)
rCorr   .            (no gloves)
SInv    .            (no boots)
Will    .....        (no amulet)
Stlth   +            f - ring of protection from fire
HPRegen 0.24/turn    (no ring)
MPRegen 0.09/turn

%: no passive effects
@: no status effects
A: sickness immunity, AC +3, negative energy resistance 1, electricity
resistance, torment resistance 1, petrification resistance
a: no special abilities


You were on level 2 of the Dungeon.
You visited 1 branch of the dungeon, and saw 2 of its levels.

You collected 50 gold pieces.


Innate Abilities, Weirdness & Mutations

You are immune to sickness and miasma.
Your stone body is resilient. (AC +3)
You are immune to poison.
You resist negative energy. (rN+)
You are resistant to electric shocks. (rElec)
You are resistant to unholy torment.
You are immune to petrification.


   Skills:
 - Level 2.3 Fighting
 + Level 3.9 Ranged Weapons
 - Level 1.5 Dodging
 - Level 1.0 Spellcasting
 - Level 2.6 Hexes


You had 4 spell levels left.
You knew the following spells:

 Your Spells              Type           Power      Damage    Failure   Level
a - Slow                  Hex            32%        N/A       9%          1

Your spell library contained the following spells:

 Spells                   Type           Power      Damage    Failure   Level
 Inner Flame              Hex/Fire       4%         N/A       41%         3
 Portal Projectile        Hex/Tloc       8%         N/A       41%         3
 Cause Fear               Hex            4%         N/A       65%         4

Inventory:

Hand Weapons
 Y - a +1 sling (weapon)
Armour
 c - a +0 robe (worn)
 e - a +0 cloak
 g - a +1 hat
Jewellery
 f - a ring of protection from fire (left hand)
Scrolls
 a - 2 scrolls of teleportation {unknown}
 b - a scroll of identify {unknown}
 d - a scroll of amnesia {unknown}
Potions
 h - a potion of invisibility {unknown}
 i - a potion of lignification {unknown}

Dungeon Overview and Level Annotations

Branches:
Dungeon (2/15)

Altars:
Hepliaklqana

Annotations:
D:2 1 runed translucent door, Crazy Yiuf


Message History

The gnoll is heavily wounded.
The gnoll hits you from afar with a +0 spear.
You shoot a sling bullet. The sling bullet hits the gnoll.
The gnoll is heavily wounded.
The gnoll hits you from afar with a +0 spear.
The gnoll misses you. The gnoll barely misses you. The gnoll misses you.
You shoot a sling bullet.
The sling bullet hits the gnoll but does no damage.
The gnoll is heavily wounded.
The gnoll misses you. The gnoll closely misses you.
You shoot a sling bullet.
The sling bullet barely misses the gnoll.
The gnoll closely misses you.
You shoot a sling bullet. The sling bullet hits the gnoll.
The gnoll is severely wounded.
The gnoll hits you with a +0 flail! The gnoll hits you but does no damage.
You shoot a sling bullet.
The sling bullet hits the gnoll but does no damage.
The gnoll is severely wounded.
The gnoll closely misses you. x2; The gnoll hits you but does no damage.
The gnoll closely misses you. The gnoll barely misses you.
The gnoll hits you with a +0 halberd.
You shoot a sling bullet. The sling bullet hits the gnoll.
You kill the gnoll!
The gnoll barely misses you. The gnoll hits you but does no damage.
You shoot a sling bullet.
The sling bullet barely misses the gnoll.
The gnoll closely misses you. x2
The gnoll hits you from afar with a +0 spear.
You shoot a sling bullet.
The sling bullet barely misses the gnoll.
The gnoll barely misses you. The gnoll closely misses you.
The gnoll misses you.
You shoot a sling bullet.
The sling bullet closely misses the gnoll.
The gnoll completely misses you. The gnoll closely misses you.
The gnoll barely misses you.
You shoot a sling bullet.
The sling bullet hits the gnoll but does no damage.
The gnoll hits you but does no damage. The gnoll hits you with a +0 halberd!
You die...

......# #...# #.#
.....## #)..# #.#
####.# ##### ######.#
# #.# #......#
####.#### #.######
..##.##.# #.#######.#
..>.....# #gg.gg.g#.#
..##.#..# ##g#.#
..##.#..# #@g#.#
..##.#..# #.##.#
..##.#..# #.##.#
..##.#..# #.##.#
.....#..########.##.#
..####..............#
..# ##.##.#.###.####
..# #.#.###.##.#
#.#####%.## ##...#


You could see 3 gnolls.

Vanquished Creatures
  A gnoll (D:2)
  3 adders (D:2)
  5 bats
  5 endoplasms
  A giant cockroach (D:2)
  A goblin (D:1)
  5 hobgoblins
  3 quokkas
  A ball python (D:1)
  4 frilled lizards
  A kobold (D:2)
  3 rats (D:2)
33 creatures vanquished.

Notes
Turn   | Place    | Note
-------+----------+-------------------------------------------
     0 | D:1      | qw the Gargoyle Hexslinger began the quest for the Orb.
     0 | D:1      | Reached XP level 1. HP: 12/12 MP: 2/2
     0 | D:1      | 0 ||| qw: Version: 0.3-a-52-g30416fa
     0 | D:1      | 0 ||| qw: Game counter: 5990
     0 | D:1      | 0 ||| qw: Melee chars always use a shield: true
     0 | D:1      | 0 ||| qw: God list: Okawaru
     0 | D:1      | 0 ||| qw: Allow faded altars: false
     0 | D:1      | 0 ||| qw: Do Orc after clearing Dungeon:15 true
     0 | D:1      | 0 ||| qw: Do second Lair branch before Depths: true
     0 | D:1      | 0 ||| qw: Lair rune preference: random
     0 | D:1      | 0 ||| qw: Goals: Normal
     0 | D:1      | 0 ||| PLANNING D:1-11
    93 | D:1      | Reached XP level 2. HP: 16/16 MP: 3/3
   218 | D:1      | Reached skill level 3 in Ranged Weapons
   254 | D:1      | Found a faded altar of an unknown god.
   533 | D:1      | 533 ||| UPGRADING to ring of protection from fire.
   534 | D:1      | 534 ||| READING scroll labelled PUDUEMPA FUKLIYTZ.
   535 | D:1      | 535 ||| READING scroll labelled QEL GEEPAXARGH.
   536 | D:1      | 536 ||| DRINKING 2 pink potions.
   537 | D:1      | 537 ||| DROPPING scroll of poison.
   538 | D:1      | 538 ||| DROPPING potion of attraction.
   617 | D:2      | Reached XP level 3. HP: 20/21 MP: 4/4
   768 | D:2      | Found a hazy altar of Hepliaklqana.
   893 | D:2      | Found a runed translucent door.
   894 | D:2      | Noticed Crazy Yiuf
   965 | D:2      | Reached XP level 4. HP: 26/26 MP: 5/5
   968 | D:2      | Identified the +4 war axe of Tartarus {freeze, rCorr Dex+3}
  1232 | D:2      | 1232 ||| Stepping ~*~*~tactically~*~*~ (outnumbered).
  1234 | D:2      | 1234 ||| Stepping ~*~*~tactically~*~*~ (outnumbered).
  1245 | D:2      | HP: 5/26 [gnoll/+0 spear (4)]
  1248 | D:2      | Mangled by a gnoll

Levels and vault maps discovered:
D:1:      co_arrival_square_in_a_square_in_a_square, layout_basic,
          basic_ecumenical_altar
D:2:      layout_loops_ring, basic_altar, glass_columns_a,
          uniq_crazy_yiuf_cottage

Skill      XL: |  1  2 |
---------------+-------+-----
Ranged Weapons | 3 |  3.9
Fighting       | 2 |  2.3
Dodging        | |  1.5
Spellcasting   | |  1.0
Hexes          | |  2.6

Action                     |  1- 3 |  4- 6 || total
---------------------------+-------+-------++-------
   Fire: Sling             |    90 |    18 ||   108
    Use: Scroll            |     2 |       ||     2
         Potion            |     1 |       ||     1
 Armour: Robe              |     7 |     6 ||    13
  Dodge: Dodged            |    26 |    23 ||    49

Table legend:
 A = Non-vault XP
 B = Vault XP
 C = Vault XP percentage of total XP
 D = Non-vault monster count
 E = Vault monster count
 F = Vault count percentage of total count
                 A         B        C        D         E       F
            +---------+---------+-------+---------+---------+-------
      Total |      99 |       0 |   0.0 |      33 |       0 |   0.0
            +---------+---------+-------+---------+---------+-------
        D:1 |      27 |       0 |   0.0 |      16 |       0 |   0.0
        D:2 |      72 |       0 |   0.0 |      17 |       0 |   0.0
            +---------+---------+-------+---------+---------+-------
